 Dungeon Crawl Stone Soup version 0.23.2-40-g277498a001 (webtiles) character file.

Game seed: 17979355873594109267

40 Descartes the Insei (level 3, -1/17 HPs)
             Began as a Vine Stalker Transmuter on Oct 21, 2019.
             Slain by a goblin
             ... wielding a +0 club
              (2 damage)
             ... on level 2 of the Dungeon.
             The game lasted 00:02:09 (2014 turns).

Descartes the Insei (Vine Stalker Transmuter)       Turns: 2014, Time: 00:02:10

Health: -1/17      AC:  3    Str: 13    XL:     3   Next: 50%
Magic:  0/7        EV: 12    Int: 13    God:
Gold:   119        SH:  0    Dex: 14    Spells: 5/6 levels left

rFire    . . .     SeeInvis .     - Unarmed
rCold    . . .     Gourm    .   (no shield)
rNeg     . . .     Faith    .   b - +0 robe
rPois    .         Spirit   +   (no helmet)
rElec    .         Reflect  .   (no cloak)
rCorr    .         Harm     .   g - +0 pair of gloves
MR       .....                  (no boots)
Stlth    +.........             (no amulet)
HPRegen  0.05/turn              (no ring)
MPRegen  0.10/turn              (no ring)

@: lethally poisoned (-1 -> -5)
A: fangs 2, magic shield, antimagic bite, no potion heal 3, rot immunity
a: no special abilities


You were on level 2 of the Dungeon.
You were not hungry.

You visited 1 branch of the dungeon, and saw 2 of its levels.

You collected 119 gold pieces.

Inventory:

Missiles
 a - 49 arrows
 e - 30 stones (quivered)
 i - 29 sling bullets
Armour
 b - a +0 robe (worn)
 g - a +0 pair of gloves (worn)
Jewellery
 h - an uncursed ring of fire {unknown}
 m - an uncursed ring of stealth {unknown}
Scrolls
 j - 2 scrolls of identify {unknown}
 k - 2 scrolls of magic mapping {unknown}
 l - a scroll of blinking {unknown}
 n - a scroll of immolation {unknown}
 o - a scroll of random uselessness {unknown}
Potions
 c - a potion of curing {unknown}
 f - a potion of mutation {unknown}
Comestibles
 d - 3 rations
 p - 3 chunks of flesh


   Skills:
 - Level 0.8 Fighting
 - Level 1.5 Dodging
 + Level 3.7 Unarmed Combat
 - Level 2.1 Spellcasting
 + Level 3.0 Transmutations


You had 5 spell levels left.
You knew the following spells:

 Your Spells              Type           Power        Failure   Level  Hunger
a - Beastly Appendage     Tmut           #.....       7%          1    ##.....

Your spell library contained the following spells:

 Spells                   Type           Power        Failure   Level  Hunger
 Sticks to Snakes         Tmut           #.......     11%         2    ###....
 Spider Form              Tmut/Pois      #.........   38%         3    ####...
 Ice Form                 Ice/Tmut       #.......     80%         4    #####..
 Blade Hands              Tmut           #.........   89%         5    ######.


Dungeon Overview and Level Annotations

Branches:
Dungeon (2/15)

Altars:


Innate Abilities, Weirdness & Mutations

You have extremely sharp teeth.
When hurt, damage is shared between your health and your magic reserves.
Your bite disrupts and absorbs the magic of your enemies.
Potions cannot restore your health.
You are immune to rotting.


Message History

You hit the adder. Your punch misses the adder.
The adder is almost dead.
The adder closely misses you. The goblin hits you with a +0 club.
* * * LOW HITPOINT WARNING * * *
You closely miss the adder.
The adder is almost dead.
* * * LOW HITPOINT WARNING * * *
You feel sick. The adder bites you but does no damage.
You barely miss the adder. Your bite misses the adder.
The adder is almost dead.
The goblin closely misses you. The adder bites you.
* * * LOW HITPOINT WARNING * * *
You hit the adder but do no damage. Your punch misses the adder.
The adder is almost dead.
The adder bites you but does no damage. The goblin hits you but does no damage.
You closely miss the adder. Your punch misses the adder.
Your bite misses the adder.
The adder is almost dead.
The adder barely misses you. The goblin hits you with a +0 club.
You die...

#######..[............###
........................
#######.........#.....###
#.........#.##########
##....#.####.#######
...#..#.# #.......#
........# #.......#####
........# #.....S......
###.....####....@g......
#............##.......
###.#......[.# .......
...........# .......
#.............# .......
#.............# #######
#.............###
##......####.....#
........# #.....#


You could see an adder and a goblin.

Vanquished Creatures
  2 worms (D:2)
  4 bats (D:1)
  3 giant cockroaches
  6 goblins
  7 hobgoblins
  3 frilled lizards
  4 kobolds
  4 rats
33 creatures vanquished.

Notes
Turn   | Place    | Note
-------+----------+-------------------------------------------
     0 | D:1      | Descartes the Vine Stalker Transmuter began the quest for
                  | the Orb.
     0 | D:1      | Reached XP level 1. HP: 9/9 MP: 4/4
   683 | D:1      | Reached XP level 2. HP: 11/14 MP: 3/6
  1601 | D:1      | Reached XP level 3. HP: 17/17 MP: 7/7
  2014 | D:2      | Slain by a goblin

Skill      XL: |  1  2  3 |
---------------+----------+-----
Transmutations | 3 |  3.0
Fighting       | |  0.8
Dodging        | |  1.5
Unarmed Combat | |  3.7
Spellcasting   | |  2.1

Action                   || total
-------------------------++-------
Melee: Unarmed           ||   120
       Bite              ||    20
       Punch             ||     3
 Stab: Distracted        ||     1
  Eat: Chunk             ||     3
Armor: Robe              ||    22
Dodge: Dodged            ||    81
